Khor, chaotic female orcish Barbarian --- -*.| --- ...- - ..---... .--- .......- ...--- -.......| .....--- -- --- --....... -- ......|. .--..- ---...... |.. ......[- ...... |......- .. -....... ...... |...<..| ---..--|......----- ..... ----......| |. ---.|....|.....---..-- --.... --........-- --- |.................||....--|... |..............-- -...........o....---....||.. |...............| .- - |.......s.....--..|%--.- ---.%..--..........- --- --.[...| |....|....| |..^.............-- -- ---- -----------.----.|.---..%------------.................---- |........................|--|%...%........(%.........................| -- ------------------..--- |....---------------.....|.....|.--------- |..| ------ --.|.---.|.---- ---- ---- ---- Khor the Bandit Experience level: 7 Strength: 18/01 Dexterity: 16 Constitution: 18 Intelligence: 8 Wisdom: 12 Charisma: 6 Health: 0(49) Energy: 20(20) Def: 5 Gold: 1434 Moves: 5152 Dungeon seed: xkg-roU2CF_zA1IP Game ID: Khor_1465974372 Your Inventory: Coins $ - 1434 gold pieces Weapons a - an uncursed +0 two-handed sword (weapon in hands) Armor e - an uncursed +0 pair of iron shoes n - an uncursed +0 elven mithril-coat (being worn) q - an uncursed +0 shield of reflection y - an uncursed +0 leather cloak z - a blessed +0 pair of iron shoes N - an uncursed +0 pair of iron shoes Y - an uncursed +0 dwarvish iron helm Comestibles c - 9 uncursed food rations g - 2 uncursed eggs C - an uncursed pear E - an uncursed clove of garlic Scrolls R - an uncursed scroll of identify U - a cursed scroll of amnesia Potions P - a cursed potion of levitation S - an uncursed potion of full healing Rings f - a cursed ring of cold resistance r - a blessed +1 ring of gain constitution w - a cursed ring of free action B - an uncursed ring of protection from shape changers G - an uncursed +2 ring of gain strength Wands m - an uncursed wand of cancellation (0:4) s - an uncursed wand of slow monster (0:2) u - an uncursed wand of nothing (0:5) A - an uncursed wand of striking (0:7) F - an uncursed wand of fire (0:7) Q - an uncursed wand of slow monster (0:4) Tools b - an uncursed bag of holding j - an uncursed drum of earthquake (0:7) p - an uncursed +0 pick-axe Contents of the bag of holding: a blessed scroll of blank paper 2 uncursed scrolls of blank paper a cursed scroll of blank paper an uncursed scroll of earth a cursed scroll of earth a blessed scroll of remove curse an uncursed potion of enlightenment an uncursed potion of gain energy Spells and supernatural/magical abilities: Name Level Category Fail Memory W - pray for help -- divine ? -- Your skills at the end: Fighting Skills bare handed combat [Basic] Weapon Skills axe [Basic] two-handed sword [Basic] Spellcasting Skills Final Attributes: You were piously aligned. You were poison resistant. You were telepathic. You had infravision. You were fast. You are dead. Vanquished creatures: 2 giant mimics a dingo 9 Mordor orcs an orc shaman a pony a fog cloud 2 shriekers a violet fungus 4 gnome lords 2 kobold mummies a black naga hatchling a golden naga hatchling an elf zombie a ghoul a paper golem a baby crocodile a little dog a floating eye a kitten 4 dwarves 2 hill orcs a rabid rat 2 giant bats a monkey 2 orc zombies a wererat 2 iguanas 3 acid blobs 5 coyotes 2 gas spores 4 hobbits 2 manes 3 large kobolds a giant rat 2 cave spiders a brown mold 2 yellow molds 13 gnomes 2 gnome zombies 3 geckos 5 jackals 7 foxes 8 kobolds a goblin 6 sewer rats 6 grid bugs a bat 4 lichens 3 kobold zombies 6 newts 138 creatures vanquished. Voluntary challenges: You used a wielded weapon 179 times, starting on turn 179. You were illiterate. You never genocided any monsters. You never polymorphed an object. You never changed form. You used no wishes. You never split a pudding. You never wrote Elbereth's name. You violated your moral code, losing 50 points of alignment, starting on turn 1341. Dungeon overview: The Dungeons of Doom: levels 1 to 7 Level 1 some fountains a long staircase Level 2 a fountain Level 3 a general store Level 4 a general store, a sink stairs to The Gnomish Mines Level 5 Level 6 many fountains Level 7 an altar to Crom, a fountain stairs to Sokoban The Gnomish Mines: levels 5 to 7 Level 5 stairs to The Dungeons of Doom Level 6 Level 7 <- You were here Sokoban: levels 3 to 6 Level 3 Level 4 Level 5 Level 6 stairs to The Dungeons of Doom History has recorded: On T:1 you entered the Dungeons of Doom to retrieve the Amulet of Yendor! On T:291 you reached level 2 of The Dungeons of Doom. On T:355 you reached level 3 of The Dungeons of Doom. On T:633 you advanced to experience level 2. On T:779 you reached level 4 of The Dungeons of Doom. On T:876 you reached level 5 of The Dungeons of Doom. On T:899 you reached level 6 of The Dungeons of Doom. On T:941 you advanced to experience level 3. On T:1013 you reached level 7 of The Dungeons of Doom. On T:1082 you reached level 4 of Sokoban. On T:1224 you advanced to experience level 4. On T:1339 you advanced to experience level 5. On T:1465 you reached level 3 of Sokoban. On T:2029 you reached level 2 of Sokoban. On T:2073 you advanced to experience level 6. On T:2399 you reached level 1 of Sokoban. On T:3975 you advanced to experience level 7. On T:4853 you reached level 1 of The Gnomish Mines. On T:5039 you reached level 2 of The Gnomish Mines. On T:5084 you reached level 3 of The Gnomish Mines. Score breakdown: Gold: 1434 (10738 points) Experience: 7 levels (13645 points) Exploration: 7 levels ( 14.89%) (10834 points) Discoveries: 3 items ( 1.20%) ( 3292 points) Valuables value: (no points given unless you survive) Artifact value: 0 ( 0 points) Variety of kills: 50 monsters ( 13.05%) (10839 points) Turncount: 5152 turns (-1398 points) Survival: died (score multiplied by 80%) Total score: 38360 Latest messages: The gnome king picks up a sling from the floor. You kill the gnome! The gnome picks up a thonged club from the floor. You kill the gnome! There are a few objects here. The gnome king picks up an arrow from the floor. You kill the gnome! You see here a gnome corpse. The gnome king picks up 2 arrows from the floor. You miss the dwarf. The dwarf wields a dwarvish short sword! You kill the dwarf! You have a little trouble lifting $ - 20 gold pieces. There are several more objects here. You have a little trouble lifting Y - a dwarvish iron helm. The gnome king picks up 3 arrows from the floor. You kill the gnome! There are a few objects here. The gnome king picks up a few items from the floor. The giant spider bites! (2x) You die... Final status: Goodbye Khor the Barbarian, killed by a giant spider... You died in The Gnomish Mines on dungeon level 7 with 38360 points, and 1434 pieces of gold, after 5152 moves. You were level 7 with a maximum of 49 hit points when you died.